 Dungeon Crawl Stone Soup version 0.32-a0-7-ge934b4519a (webtiles) character file.

Game seed: 7690542791126555930

584 Laraso the Carver (level 7, 30/57 HPs)
             Began as a Grey Draconian Monk on Jan 13, 2024.
             Quit the game on level 3 of the Dungeon.
             The game lasted 00:02:17 (2792 turns).

Laraso the Carver (Grey Draconian Monk)             Turns: 2792, Time: 00:02:17

Health: 30/57      AC: 11    Str: 13    XL:     7   Next: 14%
Magic:  7/7        EV: 12    Int: 11    God:
Gold:   112        SH:  0    Dex: 15    Spells: 6/6 levels left

rFire   . . .        a - +0 long sword
rCold   . . .        c - orb {light}
rNeg    . . .        (body armour unavailable)
rPois   +            (helmet restricted)
rElec   .            (no cloak)
rCorr   .            (no gloves)
SInv    .            (no boots)
Will    .....        (no amulet)
Stlth   +            i - ring of poison resistance
HPRegen 0.29/turn    (no ring)
MPRegen 0.10/turn

%: no passive effects
@: glowing
A: AC +11, amphibious, unfitting armour, cold-blooded
a: no special abilities


You were on level 3 of the Dungeon.
You visited 1 branch of the dungeon, and saw 3 of its levels.

You collected 112 gold pieces.

Inventory:

Hand Weapons
 a - a +0 long sword (weapon)
Missiles
 g - a throwing net (quivered)
Armour
 c - an orb of light (worn)
Jewellery
 i - a ring of poison resistance (left hand)
Scrolls
 f - a scroll of teleportation
 h - 2 scrolls of torment
 j - a scroll of immolation {unknown}
Potions
 b - a potion of ambrosia
 d - 3 potions of heal wounds
 e - 3 potions of curing
 k - a potion of mutation {unknown}
 l - a potion of attraction


   Skills:
 - Level 3.2 Fighting
 * Level 8.3 Long Blades
 - Level 2.6 Dodging


You had 6 spell levels left.
You didn't know any spells.
Your spell library was empty.

Dungeon Overview and Level Annotations

Branches:
Dungeon (3/15)

Altars:
Gozag

Shops:
D:1 (


Innate Abilities, Weirdness & Mutations

Your dull iron-grey scales are very hard. (AC +11)
You are amphibious.
You cannot fit into any form of body armour.
You are cold-blooded and may be slowed by cold attacks.


Message History

You kill the hobgoblin!
Found an escape hatch in the floor.
There is a dry fountain here.
g - a throwing net A giant cockroach comes into view.
A giant cockroach is nearby!
A giant cockroach is nearby!
A giant cockroach is nearby!
A giant cockroach is nearby!
A rat comes into view.
The rat squeaks loudly.
You hear a shout!
The giant cockroach bites you but does no damage. x2
You slash the giant cockroach!
You kill the giant cockroach!
An ogre comes into view. It is wielding a +0 giant spiked club.
A giant cockroach comes into view.
Found 10 gold pieces.
The rat closely misses you.
You barely miss the rat. The rat barely misses you.
You slash the rat!
You kill the rat!
You hit the ogre.
The ogre is lightly wounded.
The ogre completely misses you.
You hit the ogre.
The ogre is moderately wounded.
You hit the ogre.
The ogre is moderately wounded.
The ogre hits you with a +0 giant spiked club!
You hit the ogre but do no damage. You tail-slap the ogre.
The ogre is moderately wounded.
The ogre hits you with a +0 giant spiked club!!
You slash the ogre!
The ogre is almost dead.
You slash the ogre!
You kill the ogre!
Your Long Blades skill increases to level 8!
You have reached level 7!
Your scales start taking on a dull iron-grey colour.
You learn Air Magic much slower.
You learn Earth Magic much quicker.
Are you sure you want to abandon this character and quit the game? (Confirm with "yes".)

#......... .. .#
#......... ..##### ..#
#......... .....$ ..#
#......... #.... #.#
#......... #.... #.#
##......... ... #.#
#.......... ..####B###.#
#........#.
#......@...###........#.
##....................##
###.......###........##
####....# #........##
####.###........#8
..#...###....## ..#.#.#
#....## ...#.#.# #######
##.#.#.# #8


You could see a giant cockroach.

Vanquished Creatures
  Grinder (D:3)
  An ogre (D:3)
  2 black bears
  An adder (D:2)
  A dart slug (D:3)
  A ribbon worm (D:2)
  3 orcs
  7 ball pythons
  5 bats
  7 endoplasms
  3 giant cockroaches (D:3)
  7 goblins
  10 hobgoblins
  11 jackals
  4 quokkas
  9 frilled lizards
  2 kobolds
  24 rats
99 creatures vanquished.

Notes
Turn   | Place    | Note
-------+----------+-------------------------------------------
     0 | D:1      | Laraso the Draconian Monk began the quest for the Orb.
     0 | D:1      | Reached XP level 1. HP: 19/19 MP: 1/1
   114 | D:1      | Reached XP level 2. HP: 25/26 MP: 2/2
   204 | D:1      | Reached skill level 4 in Long Blades
   263 | D:1      | Found Asuf Gui's Antique Weapon Boutique.
   353 | D:1      | Reached XP level 3. HP: 31/31 MP: 3/3
  1429 | D:2      | Noticed a black bear
  1437 | D:2      | Killed a black bear
  1438 | D:2      | Reached skill level 5 in Long Blades
  1438 | D:2      | Reached XP level 4. HP: 33/38 MP: 4/4
  1438 | D:2      | Reached XP level 5. HP: 39/45 MP: 5/5
  1643 | D:2      | Reached skill level 6 in Long Blades
  2104 | D:3      | Found an opulent altar of Gozag.
  2104 | D:3      | Noticed a black bear
  2128 | D:3      | Killed a black bear
  2129 | D:3      | Reached XP level 6. HP: 24/51 MP: 6/6
  2354 | D:3      | Noticed Grinder
  2371 | D:3      | Paralysed by Grinder for 2 turns
  2375 | D:3      | Killed Grinder
  2376 | D:3      | Reached skill level 7 in Long Blades
  2792 | D:3      | Reached skill level 8 in Long Blades
  2792 | D:3      | Your scales start taking on a dull iron-grey colour.
  2792 | D:3      | Reached XP level 7. HP: 30/57 MP: 7/7
  2792 | D:3      | Quit the game

Illustrated notes

Levels and vault maps discovered:
D:1:      enne_arrival_octagon_isle, layout_loops_ring, serial_shops,
          nicolae_shop_tiny_statue_garden, minmay_pentomino_p4
D:2:      minmay_diamond_boxcup, layout_loops_ring, minmay_rat_hole
D:3:      minmay_recursive_quarters, layout_basic,
          mainiacjoe_overflow_concentric_impassable, serial_corexii_hall,
          corexii_hall_statues_u, corexii_hall_statues_l, uniq_grinder

Skill      XL: |  1  2  3  4  5  6 |
---------------+-------------------+-----
Long Blades    | 4 5 6 8 |  8.3
Fighting       | |  3.2
Dodging        | |  2.6

Action                     |  1- 3 |  4- 6 |  7- 9 || total
---------------------------+-------+-------+-------++-------
  Melee: Falchion          |    62 |       |       ||    62
         Tailslap          |     6 |    13 |       ||    19
         Long sword        |    38 |   125 |       ||   163
    Use: Scroll            |     4 |     2 |       ||     6
         Potion            |       |     2 |       ||     2
 Armour: Skin              |    47 |    78 |       ||   125
  Dodge: Dodged            |    84 |    57 |       ||   141

Table legend: (Time is in decaauts)
 A = Elapsed time spent in this place.
 B = Non-inter-level travel time spent in this place.
 C = Inter-level travel time spent in this place.
 D = Time resting spent in this place.
 E = Time spent auto-exploring this place.
 F = Levels seen in this place.
 G = Mean time per level.
                   A        B        C        D        E       F      G
               +--------+--------+--------+--------+--------+-----+--------+
         Total |   2816 |   2619 |    197 |     49 |   2093 |   3 |  938.7 |
       Dungeon |   2816 |   2619 |    197 |     49 |   2093 |   3 |  938.7 |
               +--------+--------+--------+--------+--------+-----+--------+

Top non-repeatable levels by time:
     D:2: 1001 daAuts
     D:1: 963 daAuts
     D:3: 851 daAuts
